 Dungeon Crawl Stone Soup version 0.28-a0-1435-g82390b3a13 (webtiles) character file.

Game seed: 9215215215201216655

18 Sabo the Ogre Mage (level 2, 0/24 HPs)
             Began as an Ogre Hedge Wizard on Jan 9, 2022.
             Was a Follower of Vehumet.
             Slain by a goblin (1 damage)
             ... on level 1 of the Dungeon.
             The game lasted 00:05:21 (1021 turns).

Sabo the Ogre Mage (Ogre Hedge Wizard)              Turns: 1021, Time: 00:05:21

Health: 0/24       AC:  3    Str: 13    XL:     2   Next: 70%
Magic:  3/7        EV:  9    Int: 15    God:    Vehumet [*.....]
Gold:   8          SH:  0    Dex:  8    Spells: 8/9 levels left

rFire   . . .      SeeInvis .   a - +0 dagger
rCold   . . .      Faith    .   (no shield)
rNeg    . . .      Spirit   .   b - +0 robe
rPois   .          Reflect  .   c - +0 hat
rElec   .          Harm     .   (no cloak)
rCorr   .          Rampage  .   (gloves unavailable)
Will    .....                   (boots unavailable)
Stlth   +.........              (no amulet)
HPRegen 0.08/turn               (no ring)
MPRegen 0.10/turn               (no ring)

@: no status effects
A: large, unfitting armour, tough skin 1
a: Renounce Religion


You were on level 1 of the Dungeon.
You worshipped Vehumet.
Vehumet was aware of your devotion.
You visited 1 branch of the dungeon, and saw 1 of its levels.

You collected 8 gold pieces.

Inventory:

Hand Weapons
 a - a +0 dagger (weapon)
Missiles
 e - 25 arrows
Armour
 b - a +0 robe (worn)
 c - a +0 hat (worn)
Scrolls
 f - a scroll of identify {unknown}
Potions
 d - a potion of cancellation


   Skills:
 + Level 2.0 Dodging
 + Level 1.4 Stealth
 + Level 4.3 Spellcasting
 + Level 1.0 Conjurations
 + Level 0.8 Summonings
 + Level 0.8 Translocations


You had 8 spell levels left.
You knew the following spells:

 Your Spells              Type           Power      Damage    Failure   Level
a - Magic Dart            Conj           24%        1d4       12%         1

Your spell library contained the following spells:

 Spells                   Type           Power      Damage    Failure   Level
 Shock                    Conj/Air       16%        1d4       14%         1
 Slow                     Hex            12%        N/A       19%         1
 Blink                    Tloc           10%        N/A       19%         2
 Call Imp                 Summ           5%         N/A       19%         2
 Conjure Flame            Conj/Fire      4%         6-21      38%         3
 Mephitic Cloud           Conj/Pois/Air  4%         N/A       41%         3
 Ignite Poison            Fire/Tmut/Pois 3%         N/A       47%         3
 Freezing Cloud           Conj/Ice/Air   2%         6-21      99%         5


Dungeon Overview and Level Annotations

Branches:
Dungeon (1/15)

Altars:
Vehumet


Innate Abilities, Weirdness & Mutations

You are too large for most types of armour.
You have tough skin. (AC +1)


Message History

The goblin is heavily wounded.
The giant cockroach barely misses you. The goblin hits you but does no damage.
You closely miss the giant cockroach.
The giant cockroach bites you but does no damage.
The goblin hits you with a +0 club.
You hit the giant cockroach but do no damage.
The giant cockroach bites you but does no damage.
The goblin hits you but does no damage.
You hit the giant cockroach.
The giant cockroach is severely wounded.
The giant cockroach bites you but does no damage.
The goblin hits you but does no damage.
You barely miss the giant cockroach.
The giant cockroach is severely wounded.
The giant cockroach bites you but does no damage. x2
The goblin barely misses you.
You barely miss the giant cockroach.
The giant cockroach is severely wounded.
The giant cockroach bites you. The goblin hits you with a +0 club.
* * * LOW HITPOINT WARNING * * *
You hit the giant cockroach but do no damage.
The giant cockroach is severely wounded.
The giant cockroach bites you.
* * * LOW HITPOINT WARNING * * *
The goblin closely misses you.
You hit the giant cockroach but do no damage.
The giant cockroach is severely wounded.
The giant cockroach bites you but does no damage.
The goblin hits you with a +0 club.
* * * LOW HITPOINT WARNING * * *
You hit the giant cockroach but do no damage.
The giant cockroach is severely wounded.
The giant cockroach barely misses you. The goblin closely misses you.
Unknown command.
It was a potion of cancellation.
You feel magically purged.
Your magical contamination has completely faded away.
The giant cockroach closely misses you.
The giant cockroach bites you but does no damage.
The goblin hits you with a +0 club.
You die...

......:
#########.......
#...............
#............... #
#...............
#.#...............
#.#........g......
.........@B......
.#...............
#..(⌠....#+#####
#........#
####.._..#
#.####.....#.#
#.....⌠.⌠....#
####
#######.#######
...
...............


You could see a giant cockroach and a goblin.

Vanquished Creatures
  A dart slug (D:1)
  2 ball pythons (D:1)
  An endoplasm (D:1)
  3 goblins (D:1)
  3 hobgoblins (D:1)
  2 frilled lizards (D:1)
  4 rats (D:1)
16 creatures vanquished.

Notes
Turn   | Place    | Note
-------+----------+-------------------------------------------
     0 | D:1      | Sabo the Ogre Hedge Wizard began the quest for the Orb.
     0 | D:1      | Reached XP level 1. HP: 16/16 MP: 5/5
   162 | D:1      | Reached skill level 4 in Spellcasting
   304 | D:1      | Reached XP level 2. HP: 24/24 MP: 5/7
   876 | D:1      | Found a faded altar of an unknown god.
   953 | D:1      | Reached skill level 1 in Conjurations
   996 | D:1      | Prayed at the altar of an unknown god.
   996 | D:1      | Became a worshipper of Vehumet
   996 | D:1      | Reached * piety under Vehumet
   996 | D:1      | Offered knowledge of Shock by Vehumet.
  1019 | D:1      | HP: 1/24 [goblin (3)]
  1021 | D:1      | Slain by a goblin

Illustrated notes

Levels and vault maps discovered:
D:1:      eino_arrival_cavern_b, layout_basic, hellmonk_ecumenical_altar_run_dry

Skill      XL: |  1  2 |
---------------+-------+-----
Spellcasting   | 4 |  4.3
Dodging        | 2 |  2.0
Conjurations   | 1 |  1.0
Stealth        | |  1.4
Summonings     | |  0.8
Translocations | |  0.8

Action                   || total
-------------------------++-------
Melee: Dagger            ||    20
 Cast: Magic Dart        ||    35
  Use: Potion            ||     1
Armor: Robe              ||    12
Dodge: Dodged            ||    11

Table legend: (Time is in decaauts)
 A = Elapsed time spent in this place.
 B = Non-inter-level travel time spent in this place.
 C = Inter-level travel time spent in this place.
 D = Time resting spent in this place.
 E = Time spent auto-exploring this place.
 F = Levels seen in this place.
 G = Mean time per level.
                   A        B        C        D        E       F      G
               +--------+--------+--------+--------+--------+-----+--------+
         Total |   1022 |   1022 |      0 |    421 |      0 |   1 | 1022.0 |
       Dungeon |   1022 |   1022 |      0 |    421 |      0 |   1 | 1022.0 |
               +--------+--------+--------+--------+--------+-----+--------+

Top non-repeatable levels by time:
     D:1: 1022 daAuts
